 Dungeon Crawl Stone Soup version 0.31-a0-986-g5e6e4ef867 (webtiles) character file.

Game seed: 12786800382278386729

41 wildpjah the Ducker (level 3, -1/30 HPs)
             Began as a Merfolk Monk on Nov 18, 2023.
             Slain by a hobgoblin (2 damage)
             ... led by Robin
             ... on level 1 of the Dungeon.
             The game lasted 00:01:10 (769 turns).

wildpjah the Ducker (Merfolk Monk)                   Turns: 769, Time: 00:01:10

Health: -1/30      AC:  2    Str: 11    XL:     3   Next: 52%
Magic:  3/3        EV: 14    Int:  9    God:
Gold:   82         SH:  0    Dex: 18    Spells: 2/2 levels left

rFire   . . .        a - +0 falchion
rCold   . . .        d - orb {light}
rNeg    . . .        b - +0 robe
rPois   .            (no helmet)
rElec   .            (no cloak)
rCorr   .            (no gloves)
SInv    .            (no boots)
Will    .....        (no amulet)
Stlth   +            (no ring)
HPRegen 0.25/turn    (no ring)
MPRegen 0.08/turn

%: no passive effects
@: glowing
A: (nimble swimmer 2), mertail
a: no special abilities


You were on level 1 of the Dungeon.
You visited 1 branch of the dungeon, and saw 2 of its levels.

You collected 82 gold pieces.

Inventory:

Hand Weapons
 a - a +0 falchion (weapon)
Armour
 b - a +0 robe (worn)
 d - an orb of light (worn)
Scrolls
 e - a scroll of brand weapon {unknown}
 g - a scroll of revelation {unknown}
 h - a scroll of blinking {unknown}
 i - a scroll of noise {unknown}
Potions
 c - a potion of ambrosia
 f - a potion of heal wounds {unknown}


   Skills:
 + Level 3.9 Fighting
 + Level 4.5 Long Blades
 + Level 4.5 Dodging


You had 2 spell levels left.
You didn't know any spells.
Your spell library was empty.

Dungeon Overview and Level Annotations

Branches:
Dungeon (2/15)

Altars:


Innate Abilities, Weirdness & Mutations

((You are very nimble when in or above water. (Stealth+, EV+, Speed+++)))
Your lower body shifts to a powerful aquatic tail in water.


Message History

The hobgoblin hits you.
* * * LOW HITPOINT WARNING * * *
You barely miss the hobgoblin.
The hobgoblin is almost dead.
The hobgoblin no longer looks unusually strong.
The hobgoblin closely misses you.
You hit the hobgoblin.
You kill the hobgoblin!
You start resting.
HP restored.
There is a stone staircase leading down, spattered with blood here.
You climb downwards.
The goblin hits you with a +0 dagger. The hobgoblin closely misses you.
The hobgoblin hits you. The hobgoblin barely misses you.
The goblin hits you with a +0 club. The goblin closely misses you.
The hobgoblin hits you.
There is a stone staircase leading up here.
There are monsters nearby!
The goblin barely misses you. The hobgoblin hits you. x3
The rat barely misses you. The goblin misses you.
The goblin closely misses you. The hobgoblin hits you.
* * * LOW HITPOINT WARNING * * *
You climb upwards.
There is a stone staircase leading down, spattered with blood here.
You barely miss the rat. The hobgoblin hits you.
* * * LOW HITPOINT WARNING * * *
The hobgoblin barely misses you. The goblin barely misses you.
The goblin closely misses you. The rat closely misses you.
The hobgoblin closely misses you. The hobgoblin hits you.
* * * LOW HITPOINT WARNING * * *
The goblin barely misses you.
You slash the rat!
You kill the rat!
The hobgoblin misses you. The hobgoblin completely misses you.
The goblin closely misses you.
The hobgoblin hits you but does no damage.
The goblin hits you with a +0 club.
* * * LOW HITPOINT WARNING * * *
The hobgoblin closely misses you. The goblin barely misses you.
The hobgoblin misses you. The hobgoblin hits you.
You die...

##.. ##... #....
##############....
##.................
#########..................
#..........................
#...####..ggg...........)..
###.......@>g..............
#####.#.ggg..............
#†#..................
#....................
##...###########.(...
#...#...'....♣#.....
#...#...####'##.....
##.#.#.<.#♣♣♣.♣#....#
####..###...#♣..♣♣#...##


You could see 4 hobgoblins and 3 goblins.

Vanquished Creatures
  Robin (D:1)
  2 dart slugs (D:1)
  2 endoplasms (D:1)
  2 giant cockroaches (D:1)
  3 goblins (D:1)
  4 hobgoblins (D:1)
  4 ball pythons (D:1)
  3 bats (D:1)
  A frilled lizard (D:1)
  3 kobolds (D:1)
  2 rats (D:1)
27 creatures vanquished.

Notes
Turn   | Place    | Note
-------+----------+-------------------------------------------
     0 | D:1      | wildpjah the Merfolk Monk began the quest for the Orb.
     0 | D:1      | Reached XP level 1. HP: 18/18 MP: 1/1
   105 | D:1      | Reached XP level 2. HP: 13/24 MP: 2/2
   326 | D:1      | Reached XP level 3. HP: 15/30 MP: 3/3
   647 | D:2      | Noticed Robin
   660 | D:1      | Killed Robin
   768 | D:1      | HP: 1/30 [goblin/+0 club[Robin] (2)]
   769 | D:1      | Slain by a hobgoblin

Illustrated notes

Levels and vault maps discovered:
D:1:      scummos_arrival_gate, layout_rooms, serial_aquarium,
          aquarium_bridge_square [aquarium_subvault_balcony,
          aquarium_subvault_wall, aquarium_subvault_wall,
          aquarium_subvault_bridge], aquarium_window_1, aquarium_window_fake,
          aquarium_window_corridor_2, aquarium_window_1, aquarium_view_2g,
          aquarium_balcony_5b
D:2:      layout_rooms, uniq_robin, uniq_natasha, uniq_crazy_yiuf_cottage

Skill      XL: |  1  2 |
---------------+-------+-----
Long Blades    | 4 |  4.5
Fighting       | |  3.9
Dodging        | |  4.5

Action                     || total
---------------------------++-------
  Melee: Falchion          ||    66
 Armour: Robe              ||    55
  Dodge: Dodged            ||    62

Table legend: (Time is in decaauts)
 A = Elapsed time spent in this place.
 B = Non-inter-level travel time spent in this place.
 C = Inter-level travel time spent in this place.
 D = Time resting spent in this place.
 E = Time spent auto-exploring this place.
 F = Levels seen in this place.
 G = Mean time per level.
                   A        B        C        D        E       F      G
               +--------+--------+--------+--------+--------+-----+--------+
         Total |    776 |    761 |     15 |     95 |    517 |   2 |  388.0 |
       Dungeon |    776 |    761 |     15 |     95 |    517 |   2 |  388.0 |
               +--------+--------+--------+--------+--------+-----+--------+

Top non-repeatable levels by time:
     D:1: 772 daAuts
     D:2: 4 daAuts
